 Dungeon Crawl Stone Soup version 0.26-a0-694-g74916bafe0 (webtiles) character file.

Game seed: 983224107158656861

13946 RaHiT the Fighter (level 11, -2/95 HPs)
             Began as a Demonspawn Chaos Knight on Oct 25, 2020.
             Was a Plaything of Xom.
             Slain by a water elemental (10 damage)
             ... on level 12 of the Dungeon.
             The game lasted 01:04:38 (9250 turns).

RaHiT the Fighter (Demonspawn Chaos Knight)         Turns: 9250, Time: 01:04:41

Health: -2/95      AC:  9    Str: 23      XL:     11   Next: 82%
Magic:  18/18      EV: 13    Int: 14 (15) God:    Xom [......]
Gold:   3369       SH:  0    Dex:  9 (10) Spells: 4/19 levels left

rFire    + . .     SeeInvis +     - Unarmed
rCold    . . .     Faith    .   (no shield)
rNeg     + . .     Spirit   .   a - +2 leather armour
rPois    .         Reflect  .   (helmet restricted)
rElec    .         Harm     .   q - +0 cloak
rCorr    .         Rampage  .   (gloves unavailable)
MR       .....                  D - +0 pair of boots (curse)
Stlth    +.........             k - amulet of regeneration
HPRegen  0.65/turn              g - +6 ring of strength
MPRegen  0.16/turn              j - +6 ring of strength

@: mighty, lightly drained
A: antennae 1, claws 3, see invisible, clumsy 1, deterioration 1, dopey 1, fire
resistance 1, negative energy resistance 1, sense surroundings 1, powered by
pain 1, robust 1, spiny 1, weak 1, sharp scales 1
a: Renounce Religion


You were on level 12 of the Dungeon.
You worshipped Xom.
You were a very special plaything of Xom.
You visited 1 branch of the dungeon, and saw 12 of its levels.
You also visited: Sewer.

You collected 3369 gold pieces.

Inventory:

Missiles
 b - 104 bolts
 d - 334 stones
 m - 284 arrows
 o - 56 poisoned darts
 z - 2 throwing nets
 G - 2 curare-tipped darts
 K - 173 sling bullets
 V - a boomerang (quivered)
Armour
 a - a +2 leather armour (worn)
 q - a +0 cloak (worn)
 y - a cursed +0 ring mail
 A - a +2 scale mail of fire resistance
 D - a cursed +0 pair of boots (worn)
Magical Staves
 u - an uncursed staff of earth
Jewellery
 c - an uncursed ring of ice
 g - a +6 ring of strength (left claw)
 j - a +6 ring of strength (right claw)
 k - an amulet of regeneration (around neck)
 B - an uncursed amulet of the acrobat
Wands
 s - a wand of digging (3)
 M - a wand of flame (32)
 W - a wand of iceblast (13)
 Y - a wand of paralysis (7)
 Z - a wand of enslavement (9)
Scrolls
 i - 9 scrolls of remove curse
 p - a scroll of random uselessness {unknown}
 r - 2 scrolls of magic mapping
 w - 4 scrolls of amnesia
 x - a scroll of vulnerability {unknown}
 C - 2 scrolls of blinking
 H - a scroll of enchant weapon {unknown}
 J - 2 scrolls of immolation {unknown}
 N - 3 scrolls of teleportation
 P - 2 scrolls of noise {unknown}
 U - 2 scrolls of fog {unknown}
Potions
 e - 9 potions of heal wounds
 f - 3 potions of cancellation
 h - a potion of ambrosia
 l - 4 potions of might
 n - a potion of magic
 t - 3 potions of resistance
 v - 4 potions of stabbing
 E - 7 potions of curing
 F - 3 potions of brilliance
 L - a potion of mutation {unknown}
 O - a potion of flight {unknown}
 T - a potion of haste
Miscellaneous
 R - a phantom mirror
 X - a lightning rod (4/4)


   Skills:
 * Level 8.9(8.7) Fighting
 + Level 5.1(5.0) Throwing
 + Level 5.4(5.3) Armour
 + Level 5.3(5.2) Dodging
 * Level 8.0(7.9) Unarmed Combat
 + Level 4.7(4.6) Spellcasting
 * Level 6.2(6.0) Hexes
 + Level 3.8(3.7) Transmutations
 + Level 2.3(2.2) Ice Magic
 + Level 3.8(3.7) Earth Magic
 + Level 4.5(4.4) Evocations


You had 4 spell levels left.
You knew the following spells:

 Your Spells              Type           Power        Failure   Level
a - Animate Skeleton      Necr           #.....       21%         1
b - Confusing Touch       Hex            ###.....     4%          3
c - Petrify               Tmut/Erth      ##......     41%         4
d - Tukima's Dance        Hex            ###.....     4%          3
e - Frozen Ramparts       Ice            #.....       24%         3
o - Apportation           Tloc           #.....       21%         1

Your spell library contained the following spells:

 Spells                   Type           Power        Failure   Level
 Corona                   Hex            ###....      1%          1
 Sandblast                Erth           ##....       4%          1
 Ensorcelled Hibernation  Hex/Ice        ##....       5%          2
 Passwall                 Tmut/Erth      ##......     7%          2
 Freeze                   Ice            #...         8%          1
 Dazzling Flash           Conj/Hex       ##....       17%         3
 Summon Small Mammal      Summ           #...         21%         1
 Ozocubu's Armour         Ice            #.......     24%         3
 Stone Arrow              Conj/Erth      #.....       28%         3
 Hailstorm                Conj/Ice       #.......     77%         4
 Summon Ice Beast         Ice/Summ       #.......     77%         4
 Lee's Rapid Deconstruct  Erth           ##........   77%         5


Dungeon Overview and Level Annotations

Branches:
Dungeon (12/15)            Temple (0/1) D:5            Lair (0/6) D:8
    Orc (0/2) D:11          Sewer (visited)

Altars:
Fedhas
Hepliaklqana
Makhleb
Nemelex Xobeh
Qazlal
Trog
Wu Jian
Xom
Yredelemnul

Shops:
D:11 (

Portals:
Trove: D:11 (give 13 potions of heal wounds)
Gauntlet: D:12


Innate Abilities, Weirdness & Mutations

You have claws for hands.
You resist negative energy. (rN+)
You sometimes gain a little power by taking damage.
You are partially covered in sharp spines.
You are partially covered in razor-sharp scales. (AC +1, Slay +1)
You have a pair of small antennae on your head.
You have supernaturally acute eyesight. (SInv)
You are clumsy. (Dex -2)
Your body sometimes deteriorates upon taking damage.
You are dopey. (Int -2)
Your flesh is heat resistant. (rF+)
You passively map a small area around you.
You are robust. (+10% HP)
You are weak. (Str -2)


Message History

The bolt of electricity hits you!
* * * LOW HITPOINT WARNING * * *
The two-headed ogre shouts in stereo!
The orc shouts!
The electric eel shoots out a bolt of lightning at you!
The bolt of electricity hits the electric eel.
The electric eel completely resists.
The bolt of electricity hits you!
* * * LOW HITPOINT WARNING * * *
Your body deteriorates!
You feel clumsy.
The electric eel shoots out a bolt of lightning at you!
The bolt of electricity hits you.
* * * LOW HITPOINT WARNING * * *
Press: ? - help, Dir - move target cursor
As you read the scroll of blinking, it crumbles to dust.
The wight no longer looks unusually strong.
The centaur warrior zombie hits you but does no damage.
The water elemental is struck by your spines.
The water elemental hits you!
You die...
Xom thinks this is hilarious!

≈.......oz...J#≈≈≈≈≈####*********
≈≈....#####.O..≈≈≈≈≈....,,,,,,,,,
≈≈....#*_*#####≈≈≈≈≈##***********
≈≈###.##+## #≈≈z≈≈##########
≈####J#...# ##.............# *
....z.#...# #.o...........# *#
.≈....#...###* #..Z..J.F.....#*#;
≈≈≈#.o#...##.###§Oz..z.......##≈≈
≈≈≈≈..#...#.§§§E@.O..........<≈≈≈
≈≈≈≈..#...#.§§§##########....;;≈≈
≈≈≈≈..#...#..§§# #....;≈≈≈
≈≈≈≈..#...#.§EZ# *#....≈≈≈≈
≈≈≈≈..#...#....# **** #.....#≈≈;
≈≈≈≈..#...#....#**≈≈***#.......≈≈
≈≈≈≈..#,,,#....#*≈≈≈≈,*#.....###≈
≈≈≈≈...........#≈≈≈≈≈≈*#.....# *.
≈≈≈≈..........∩#*≈≈≈≈,,*,,,,,* *,


You could see 2 two-headed ogres, a water elemental, a bullfrog, a jelly (fast,
strong), 3 wights, an orc and a centaur warrior zombie.

Vanquished Creatures
  Harold (D:7)
  Fannar (D:10)
  An orc knight (D:11)
  A cyclops (D:11)
  2 ugly things (D:11)
  Joseph (D:7)
  2 trolls (D:9)
  Grinder (D:4)
  A hornet (D:10)
  A vampire (D:11)
  A water elemental (D:11)
  A shadow (D:11)
  11 yaks
  3 wargs
  Duvessa (D:7)
  2 water moccasins
  6 orc warriors
  2 ice beasts
  4 sky beasts
  2 phantoms
  3 black bears
  12 centaurs
  6 ogres
  5 big kobolds
  9 bullfrogs
  A water moccasin zombie (D:7)
  Dowan (D:7)
  4 scorpions
  A water moccasin skeleton (D:7)
  3 killer bees (D:11)
  13 wights
  4 howler monkeys (D:7)
  2 electric eels (D:12)
  A jelly (D:7)
  A quasit (D:9)
  5 orc priests
  2 hounds
  A bullfrog skeleton (D:10)
  2 centaur skeletons
  Terence (D:3)
  Ijyb (D:4)
  4 iguanas
  17 orc wizards
  10 worker ants
  A hound zombie (D:5)
  2 hound skeletons
  A howler monkey zombie (D:6)
  11 gnolls
  12 adders
  A river rat (Sewer)
  6 shadow imps
  A white imp (D:7)
  2 ufetubi
  3 oozes
  An adder zombie (D:5)
  An adder skeleton (D:7)
  4 worms
  2 dart slugs
  8 leopard geckos
  37 orcs
  4 giant cockroaches
  19 goblins
  7 hobgoblins
  11 jackals
  29 kobolds
  9 quokkas
  7 ball pythons
  12 bats
  6 frilled lizards
  A jackal skeleton (D:6)
  2 quokka skeletons
  A quokka zombie (D:6)
  30 rats
385 creatures vanquished.

Vanquished Creatures (collateral kills)
  A black bear (D:10)
  2 orc wizards
  A worker ant (D:4)
  An adder (D:2)
  4 orcs
  A giant cockroach (D:4)
  2 jackals (D:2)
12 creatures vanquished.

Vanquished Creatures (others)
  2 gnolls (D:6)
2 creatures vanquished.

Grand Total: 399 creatures vanquished

Notes
Turn   | Place    | Note
-------+----------+-------------------------------------------
     0 | D:1      | RaHiT the Demonspawn Chaos Knight began the quest for the
                  | Orb.
     0 | D:1      | Reached XP level 1. HP: 18/18 MP: 1/1
    59 | D:1      | XOM: silly message
    82 | D:1      | XOM: divination: detect items
   138 | D:1      | Reached skill level 1 in Dodging
   151 | D:1      | Gained mutation: You are partially covered in sharp spines.
                  | [demonic ancestry]
   151 | D:1      | Reached XP level 2. HP: 10/24 MP: 2/2
   231 | D:1      | XOM: divination: detect creatures
   304 | D:1      | XOM: scenery: summon butterflies
   369 | D:1      | XOM: god gift: 1216 gold pieces
   490 | D:1      | Reached XP level 3. HP: 29/29 MP: 3/3
   711 | D:2      | Reached skill level 1 in Spellcasting
   713 | D:2      | Gained mutation: You have sharp fingernails. [demonic
                  | ancestry]
   713 | D:2      | Reached XP level 4. HP: 34/36 MP: 5/5
   824 | D:2      | XOM: cast spell 'Summon Horrible Things'
   899 | D:2      | Reached skill level 1 in Throwing
  1057 | D:2      | XOM: god gift: curved glowing staff {god gift}
  1228 | D:3      | Gained mutation: You are partially covered in razor-sharp
                  | scales. (AC +1, Slay +1) [demonic ancestry]
  1228 | D:3      | Reached XP level 5. HP: 42/42 MP: 6/6
  1279 | D:3      | XOM: scenery: create altars
  1346 | D:3      | Found a sparkling altar of Nemelex Xobeh.
  1363 | D:3      | XOM: cloud trail
  1376 | D:3      | Found a stormy altar of Qazlal.
  1519 | D:3      | Noticed Terence
  1531 | D:3      | Killed Terence
  1618 | D:3      | XOM: scenery: summon butterflies
  1750 | D:4      | Gained mutation: You sometimes gain a little power by
                  | taking damage. [demonic ancestry]
  1750 | D:4      | Reached XP level 6. HP: 48/48 MP: 8/8
  1816 | D:4      | Found a glowing drain.
  1833 | Sewer    | Entered a sewer
  2195 | Sewer    | Gained mutation: You have very sharp fingernails. [demonic
                  | ancestry]
  2195 | Sewer    | Reached XP level 7. HP: 51/55 MP: 8/10
  2322 | D:4      | XOM: god gift: 632 gold pieces
  2324 | D:4      | XOM: summons 2 friendly demons
  2528 | D:4      | XOM: give mutations
  2528 | D:4      | Gained mutation: Armour fits poorly on your strangely
                  | shaped body. [Xom's mischief]
  2528 | D:4      | Gained mutation: You are dopey. (Int -2) [Xom's mischief]
  2528 | D:4      | Gained mutation: You are clumsy. (Dex -2) [Xom's mischief]
  2697 | D:4      | XOM: summons friendly chaos spawn
  2704 | D:4      | Reached skill level 5 in Fighting
  2750 | D:4      | Noticed Grinder
  2764 | D:4      | Killed Grinder
  2764 | D:4      | Reached skill level 5 in Unarmed Combat
  2842 | D:4      | Noticed Ijyb
  2851 | D:4      | Killed Ijyb
  2851 | D:4      | Gained mutation: You have claws for hands. [demonic
                  | ancestry]
  2851 | D:4      | Reached XP level 8. HP: 63/63 MP: 11/11
  2971 | D:4      | Found a bloodstained altar of Trog.
  3261 | D:4      | XOM is BORED!
  3261 | D:4      | XOM: draining
  3275 | D:5      | Entered Level 5 of the Dungeon
  3290 | D:5      | Learned a level 4 spell: Petrify
  3469 | D:5      | XOM: god gift: 4 bolts
  3714 | D:5      | XOM: give mutations
  3714 | D:5      | Gained mutation: You have supernaturally acute eyesight.
                  | (SInv) [Xom's grace]
  3714 | D:5      | Gained mutation: You have a pair of small antennae on your
                  | head. [Xom's grace]
  3714 | D:5      | Gained mutation: You are robust. (+10% HP) [Xom's grace]
  3724 | D:5      | XOM: god gift: 637 gold pieces
  3778 | D:5      | Learned a level 3 spell: Confusing Touch
  3794 | D:5      | Found a staircase to the Ecumenical Temple.
  3879 | D:5      | XOM: cloud trail
  3986 | D:5      | XOM: 1-stop teleportation journey
  4058 | D:5      | Found a hazy altar of Hepliaklqana.
  4226 | D:6      | Reached skill level 1 in Evocations
  4234 | D:6      | XOM: polymorph bullfrog -> worm
  4291 | D:6      | Reached skill level 1 in Hexes
  4295 | D:6      | Reached skill level 1 in Earth Magic
  4375 | D:6      | Reached skill level 1 in Transmutations
  4415 | D:6      | XOM: god gift: phantom mirror
  4425 | D:6      | XOM: confuse monster(s)
  4469 | D:6      | XOM: destruction
  4485 | D:6      | XOM: enchant monster (good)
  4498 | D:6      | Reached XP level 9. HP: 62/78 MP: 13/13
  4694 | D:6      | XOM: summons friendly iron imp
  4732 | D:6      | XOM: god gift: potion of heal wounds
  4789 | D:6      | XOM: scenery: 1 doors close
  5070 | D:7      | Noticed Joseph
  5074 | D:7      | Noticed Harold
  5097 | D:7      | Killed Harold
  5138 | D:7      | Killed Joseph
  5162 | D:7      | Found a burning altar of Makhleb.
  5388 | D:7      | Noticed Duvessa
  5393 | D:7      | XOM: fog
  5396 | D:7      | Killed Duvessa
  5396 | D:7      | Reached XP level 10. HP: 86/86 MP: 15/15
  5397 | D:7      | Noticed Dowan
  5399 | D:7      | XOM: scenery: create altars
  5401 | D:7      | Killed Dowan
  5431 | D:7      | XOM: divination: detect creatures
  5451 | D:7      | Found an ornate altar of the Wu Jian Council.
  5513 | D:7      | XOM: confuse monster(s)
  5888 | D:8      | XOM: fog
  5914 | D:8      | XOM: butterfly on damage
  5961 | D:7      | XOM: confusion (+ monsters)
  6029 | D:8      | XOM: god gift: potion of cancellation
  6085 | D:8      | XOM: enchant monster (good)
  6117 | D:8      | XOM: divination: detect items
  6233 | D:8      | Learned a level 1 spell: Apportation
  6235 | D:8      | Learned a level 1 spell: Animate Skeleton
  6239 | D:8      | Learned a level 3 spell: Tukima's Dance
  6340 | D:8      | XOM: summons friendly ufetubus
  6366 | D:8      | Found a staircase to the Lair.
  6385 | D:8      | Found a blossoming altar of Fedhas.
  6621 | D:9      | Learned a level 3 spell: Frozen Ramparts
  6649 | D:9      | XOM: noise
  7294 | D:9      | Reached skill level 5 in Hexes
  7294 | D:9      | Reached skill level 1 in Ice Magic
  7387 | D:9      | Found a basalt altar of Yredelemnul.
  7414 | D:10     | Entered Level 10 of the Dungeon
  7476 | D:10     | Noticed Fannar
  7477 | D:10     | XOM: confuse monster(s)
  7478 | D:10     | XOM: summons friendly quasit
  7483 | D:10     | XOM: summons 7 friendly demons
  7488 | D:10     | Killed Fannar
  7488 | D:10     | Gained mutation: You resist negative energy. (rN+) [demonic
                  | ancestry]
  7488 | D:10     | Reached XP level 11. HP: 94/94 MP: 17/17
  7521 | D:10     | Reached skill level 5 in Armour
  7687 | D:10     | XOM: give mutation
  7687 | D:10     | Gained mutation: You are very dopey. (Int -4) [Xom's
                  | mischief]
  7745 | D:10     | XOM: stat loss: -1 Int (12/13)
  7792 | D:10     | XOM: give mutations
  7792 | D:10     | Gained mutation: You possess an exceptional clarity of
                  | mind. [Xom's grace]
  7792 | D:10     | Gained mutation: Your flesh is heat resistant. (rF+) [Xom's
                  | grace]
  7792 | D:10     | Lost mutation: You are very dopey. (Int -4) [Xom's grace]
  7792 | D:10     | Gained mutation: You passively map a small area around you.
                  | [Xom's grace]
  8133 | D:11     | Reached skill level 5 in Dodging
  8200 | D:11     | XOM: divination: magic mapping
  8319 | D:11     | Noticed an orc knight
  8321 | D:11     | XOM: scenery: create altars
  8323 | D:11     | XOM: scenery: create altars
  8333 | D:11     | Killed an orc knight
  8335 | D:11     | Found a staircase to the Orcish Mines.
  8335 | D:11     | Found Dyxenoasil's Weapon Shop.
  8455 | D:10     | XOM: scenery: create altars
  8461 | D:11     | XOM: enchant monster (good)
  8466 | D:11     | XOM: silly message
  8612 | D:11     | XOM: summons 1 hostile demon
  8697 | D:11     | Noticed a cyan ugly thing
  8706 | D:11     | XOM: polymorph cyan ugly thing -> brown ugly thing
  8708 | D:11     | XOM: destruction
  8713 | D:11     | Killed a brown ugly thing
  8742 | D:11     | Reached skill level 5 in Throwing
  8742 | D:11     | XOM: confuse monster(s)
  8779 | D:11     | Found a portal to a secret trove of treasure.
  8803 | D:11     | XOM: give mutations
  8803 | D:11     | Lost mutation: You possess an exceptional clarity of mind.
                  | [Xom's mischief]
  8803 | D:11     | Gained mutation: Your body sometimes deteriorates upon
                  | taking damage. [Xom's mischief]
  8803 | D:11     | Lost mutation: Armour fits poorly on your strangely shaped
                  | body. [Xom's mischief]
  8803 | D:11     | Gained mutation: You are weak. (Str -2) [Xom's mischief]
  8836 | D:11     | XOM: blink monster(s)
  8958 | D:12     | Noticed a two-headed ogre
  9018 | D:12     | Noticed a red ugly thing
  9031 | D:11     | Killed a red ugly thing
  9129 | D:11     | XOM: cloud trail
  9210 | D:12     | Noticed a two-headed ogre
  9224 | D:12     | Noticed a two-headed ogre
  9240 | D:12     | Found a gate leading to a gauntlet.
  9240 | D:12     | XOM: fog
  9244 | D:12     | XOM: 2-stop teleportation journey
  9244 | D:12     | HP: 2/95 [electric eel/bolt of electricity (8)]
  9250 | D:12     | Slain by a water elemental

Illustrated notes

Levels and vault maps discovered:
D:1:      dpeg_arrival_tiny_a, layout_rooms
D:2:      layout_rooms, minmay_circle_x
D:3:      layout_rooms, lemuel_doored_altar, old_standard_altar, st_stairs_14,
          uniq_terence
D:4:      layout_layer_cave, bloody_trog, cheibrodos_sewer_entry_bend,
          uniq_ijyb, uniq_grinder
D:5:      layout_basic, overflow_temple_1_default, minmay_temple_entry_wispy,
          chequers_serial_rivers_micro_a
D:6:      layout_basic
D:7:      layout_basic, lemuel_crystal_altar, kennysheep_mini_moat, uniq_harold,
          uniq_joseph, uniq_duvessa
D:8:      layout_cave_pools, nicolae_overflow_crystal_walls,
          erik_lair_orcish_takeover
D:9:      layout_irregular_city, marbit_many_paths
D:10:     layout_basic, ebering_dispersal_statue_hall, uniq_fannar
D:11:     layout_basic, orc_david_3, enter_trove_6
D:12:     layout_basic, gauntlet_entry_generic, lemuel_blue_sif_altar

Skill      XL: |  1  2  3  4  5  6  7  8  9 10 11 |
---------------+----------------------------------+-----
Dodging        | 1 2 3 4 5 |  5.3
Unarmed Combat | 3 4 5 6 7 8 |  8.0
Armour         | 2 3 4 5 |  5.4
Spellcasting   | 1 2 3 4 |  4.7
Throwing       | 1 2 3 4 5 |  5.1
Fighting       | 4 5 6 7 8 |  8.9
Evocations     | 1 3 4 |  4.5
Hexes          | 1 3 5 6 |  6.2
Earth Magic    | 1 2 3 |  3.8
Transmutations | 1 2 3 |  3.8
Ice Magic      | 1 2 |  2.3

Action                   |  1- 3 |  4- 6 |  7- 9 | 10-12 || total
-------------------------+-------+-------+-------+-------++-------
Melee: Unarmed           |   101 |   152 |   206 |   399 ||   858
       Punch             |       |     6 |     6 |    17 ||    29
Throw: Stone             |    39 |    35 |    30 |    14 ||   118
       Dart              |       |    24 |    27 |    20 ||    71
       Boomerang         |       |       |    25 |    16 ||    41
       Throwing net      |       |       |     1 |     2 ||     3
 Cast: Animate Skeleton  |       |       |       |     4 ||     4
       Confusing Touch   |       |       |       |     3 ||     3
       Tukima's Dance    |       |       |       |     1 ||     1
       Frozen Ramparts   |       |       |       |     1 ||     1
Evoke: Phantom mirror    |       |       |     1 |       ||     1
       Wand              |       |       |       |     6 ||     6
  Use: Scroll            |       |     6 |     4 |     7 ||    17
       Potion            |       |       |     1 |     1 ||     2
 Stab: Distracted        |       |       |     1 |       ||     1
       Held in net/web   |       |       |     1 |       ||     1
       Confused          |       |       |       |     6 ||     6
Armor: Leather armour    |    53 |    33 |    46 |    80 ||   212
Dodge: Dodged            |    63 |    73 |    69 |   228 ||   433

Table legend: (Time is in decaauts)
 A = Elapsed time spent in this place.
 B = Non-inter-level travel time spent in this place.
 C = Inter-level travel time spent in this place.
 D = Time resting spent in this place.
 E = Time spent auto-exploring this place.
 F = Levels seen in this place.
 G = Mean time per level.
                   A        B        C        D        E       F      G
               +--------+--------+--------+--------+--------+-----+--------+
         Total |   9168 |   8800 |    368 |    235 |   2663 |  13 |  705.2 |
       Dungeon |   8741 |   8373 |    368 |    235 |   2663 |  12 |  728.4 |
         Sewer |    427 |    427 |      0 |      0 |      0 |   1 |  427.0 |
               +--------+--------+--------+--------+--------+-----+--------+

Top non-repeatable levels by time:
     D:4: 1105 daAuts
    D:11: 1011 daAuts
     D:5: 940 daAuts
     D:7: 937 daAuts
     D:9: 807 daAuts
     D:6: 795 daAuts
    D:10: 714 daAuts
     D:2: 620 daAuts
     D:8: 615 daAuts
     D:1: 585 daAuts
     D:3: 528 daAuts
   Sewer: 427 daAuts
    D:12: 80 daAuts
